TOP OF THE 1ST |
South Carolina Gamecocks batting - Pitching for Oklahoma State Cowboys : RHP Carl Garrison
|
Pitching: RHP Carl Garrison
|
|
Batting: LHB Pat Carroll
|
0-0: Called Strike 0-1: Ball 1-1: Fly out, F4 (Line Drive, 4)
|
Batting: LHB Bill Walter
|
0-0: Called Strike 0-1: Ball 1-1: Foul Ball, location: 2F 1-2: Ball 2-2: Ball 3-2: Foul Ball, location: 2F 3-2: Fly out, F7 (Flyball, 7M)
|
Batting: LHB Chandler Pitts
|
0-0: Ball 1-0: Foul Ball, location: 2F 1-1: Foul Ball, location: 2F 1-2: Fly out, F8 (Flyball, 8RM)
|
Top of the 1st over - 0 run(s), 0 hit(s), 0 error(s), 0 left on base; South Carolina 0 - Oklahoma State 0 |
BOTTOM OF THE 1ST |
Oklahoma State Cowboys batting - Pitching for South Carolina Gamecocks : RHP Rafael Lerma
|
Pitching: RHP Rafael Lerma
|
|
Batting: LHB Bill Bryan
|
0-0: Ball 1-0: Ball 2-0: Ball 3-0: Base on Balls
|
Batting: RHB Joe Sulley
|
0-0: Ball 1-0: DOUBLE (Groundball, 5L) Bill Bryan to third
|
Batting: RHB John Lynch
|
0-0: SINGLE (Groundball, 4M) Bill Bryan scores Joe Sulley to third Runner from 3rd tries for Home, SAFE, no throw or cutoff
|
Batting: LHB Cristián Rodríguez
|
0-0: Ball 1-0: Ball 2-0: Called Strike 2-1: Ball 3-1: Base on Balls John Lynch to second
|
Batting: RHB Augusto Padilla
|
0-0: Called Strike 0-1: Ball 1-1: SINGLE (Groundball, 5D) John Lynch to third Cristián Rodríguez to second
|
Batting: LHB Horace Kramer
|
0-0: Ball 1-0: Foul Ball, location: 2F 1-1: SINGLE (Line Drive, 78M) John Lynch scores Cristián Rodríguez to third Augusto Padilla to second
|
Batting: LHB Bryan Davis
|
0-0: Fly out, F8 (Flyball, 8RM)
|
Batting: RHB Ryan Williams
|
0-0: Ground out 5-3 (Groundball, 15S) Cristián Rodríguez scores Augusto Padilla to third Horace Kramer to second
|
Batting: LHB César Colón
|
0-0: Fly out, F4 (Popup, 4MD)
|
Bottom of the 1st over - 4 run(s), 4 hit(s), 0 error(s), 2 left on base; South Carolina 0 - Oklahoma State 4 |
TOP OF THE 2ND |
South Carolina Gamecocks batting - Pitching for Oklahoma State Cowboys : RHP Carl Garrison
|
Batting: RHB Fernando Pérez
|
0-0: Ball 1-0: Ball 2-0: Ball 3-0: Base on Balls
|
Batting: RHB Mike Wagner
|
0-0: Ball 1-0: Ball 2-0: Called Strike 2-1: Ball 3-1: Called Strike 3-2: Base on Balls Fernando Pérez to second
|
Batting: RHB Sidney Smith
|
0-0: Called Strike 0-1: Called Strike 0-2: Foul Ball, location: 2F 0-2: Ball 1-2: Strikes out looking
|
Batting: RHB Mason Melton
|
0-0: Ball 1-0: Swinging Strike 1-1: Foul Ball, location: 2F 1-2: Foul Ball, location: 2F 1-2: Ball 2-2: Foul Ball, location: 2F 2-2: Strikes out swinging
|
Batting: RHB José Maldonado
|
0-0: Ball 1-0: Foul Ball, location: 2F 1-1: Called Strike 1-2: Fly out, F9 (Popup, 89S)
|
Top of the 2nd over - 0 run(s), 0 hit(s), 0 error(s), 2 left on base; South Carolina 0 - Oklahoma State 4 |
BOTTOM OF THE 2ND |
Oklahoma State Cowboys batting - Pitching for South Carolina Gamecocks : RHP Rafael Lerma
|
Batting: LHB Bill Bryan
|
0-0: Ground out 4-3 (Groundball, 34)
|
Batting: RHB Joe Sulley
|
0-0: Ball 1-0: Foul Ball, location: 2F 1-1: Foul Ball, location: 2F 1-2: Ball 2-2: Strikes out swinging
|
Batting: RHB John Lynch
|
0-0: Called Strike 0-1: SOLO HOME RUN (Line Drive, 7LD), Distance : 345 ft
|
Batting: LHB Cristián Rodríguez
|
0-0: Called Strike 0-1: Ball 1-1: Ball 2-1: Ball 3-1: Base on Balls
|
Batting: RHB Augusto Padilla
|
0-0: Ball 1-0: Fly out, F7 (Flyball, 78S)
|
Bottom of the 2nd over - 1 run(s), 1 hit(s), 0 error(s), 1 left on base; South Carolina 0 - Oklahoma State 5 |
TOP OF THE 3RD |
South Carolina Gamecocks batting - Pitching for Oklahoma State Cowboys : RHP Carl Garrison
|
Batting: LHB Gilberto Ortíz
|
0-0: Ball 1-0: Ball 2-0: Fly out, F7 (Flyball, 78S)
|
Batting: LHB Pat Carroll
|
0-0: Ball 1-0: SINGLE (Flyball, 78S) - OUT at second base trying to stretch hit.
|
Batting: LHB Bill Walter
|
0-0: Called Strike 0-1: Ball 1-1: Foul Ball, location: 2F 1-2: Ball 2-2: Ball 3-2: Base on Balls
|
Batting: LHB Chandler Pitts
|
0-0: Ball 1-0: Foul Ball, location: 2F 1-1: Ball 2-1: Swinging Strike 2-2: Foul Ball, location: 2F 2-2: Ball 3-2: Base on Balls Bill Walter to second
|
Batting: RHB Fernando Pérez
|
0-0: Foul Ball, location: 2F 0-1: Ball 1-1: Ball 2-1: Ball Wild Pitch! Bill Walter to third Chandler Pitts to second 3-1: Called Strike 3-2: Base on Balls
|
Batting: RHB Mike Wagner
|
0-0: Ball 1-0: Called Strike 1-1: Ball 2-1: Ball 3-1: Base on Balls Bill Walter scores Chandler Pitts to third Fernando Pérez to second
|
Batting: RHB Sidney Smith
|
0-0: Ball 1-0: Ball 2-0: Reached on error, E4 (Groundball, 4) Chandler Pitts scores Fernando Pérez to third Mike Wagner to second
|
Batting: RHB Mason Melton
|
Single, Error in OF, E7, batter to second base Fernando Pérez scores Mike Wagner scores Sidney Smith to third
|
Batting: RHB José Maldonado
|
0-0: Ball 1-0: Foul Ball, location: 2F 1-1: Foul Ball, location: 2F 1-2: Strikes out swinging
|
Top of the 3rd over - 4 run(s), 2 hit(s), 2 error(s), 2 left on base; South Carolina 4 - Oklahoma State 5 |
BOTTOM OF THE 3RD |
Oklahoma State Cowboys batting - Pitching for South Carolina Gamecocks : RHP Rafael Lerma
|
Batting: LHB Horace Kramer
|
0-0: Called Strike 0-1: Ball 1-1: DOUBLE (Flyball, 7LD)
|
Pinch Runner at 2nd Ernest Hood:
|
|
Batting: LHB Bryan Davis
|
0-0: Ground out 1-3 (Groundball, 13) Ernest Hood to third
|
Batting: RHB Ryan Williams
|
0-0: Ball 1-0: Foul Ball, location: 2F 1-1: Fly out, F7 (Flyball, 7M) Runner from 3rd tags up, SCORES, no throw
|
Batting: LHB César Colón
|
0-0: Ball 1-0: Foul Ball, location: 2F 1-1: Foul Ball, location: 2F 1-2: Fly out, F7 (Flyball, 7M)
|
Bottom of the 3rd over - 1 run(s), 1 hit(s), 0 error(s), 0 left on base; South Carolina 4 - Oklahoma State 6 |
TOP OF THE 4TH |
South Carolina Gamecocks batting - Pitching for Oklahoma State Cowboys : RHP Carl Garrison
|
Now in LF: Ernest Hood
|
|
Batting: LHB Gilberto Ortíz
|
0-0: Swinging Strike 0-1: Ball 1-1: Ball 2-1: Ball 3-1: SINGLE (Line Drive, 34)
|
Pitching: RHP Ryan Park
|
|
Batting: LHB Pat Carroll
|
0-0: Called Strike 0-1: Swinging Strike 0-2: Ball 1-2: Strikes out swinging
|
Batting: LHB Bill Walter
|
0-0: Fly out, F8 (Flyball, 8RM)
|
Batting: LHB Chandler Pitts
|
0-0: Called Strike 0-1: Ball 1-1: Called Strike 1-2: 2-RUN HOME RUN (Flyball, 9LD), Distance : 335 ft
|
Batting: RHB Fernando Pérez
|
0-0: Ground out 5-3 (Groundball, 5S)
|
Top of the 4th over - 2 run(s), 2 hit(s), 0 error(s), 0 left on base; South Carolina 6 - Oklahoma State 6 |
BOTTOM OF THE 4TH |
Oklahoma State Cowboys batting - Pitching for South Carolina Gamecocks : RHP Rafael Lerma
|
Batting: LHB Bill Bryan
|
0-0: Ground out 5-3 (Groundball, 56)
|
Batting: RHB Joe Sulley
|
0-0: SINGLE (Groundball, 6MD)
|
Batting: RHB John Lynch
|
0-0: Ball 1-0: SINGLE (Line Drive, 56) Joe Sulley to second
|
Batting: LHB Cristián Rodríguez
|
0-0: Called Strike Joe Sulley steals 3rd base John Lynch to second 0-1: TRIPLE (Flyball, 89XD) Joe Sulley scores John Lynch scores
|
Pitching: RHP Keith Anderson
|
|
Batting: RHB Augusto Padilla
|
0-0: Ball 1-0: Ball 2-0: 2-RUN HOME RUN (Flyball, 78XD), Distance : 379 ft
|
Batting: SHB Ernest Hood
|
0-0: Swinging Strike 0-1: Ball 1-1: Ball 2-1: SOLO HOME RUN (Flyball, 7LD), Distance : 329 ft
|
Batting: LHB Bryan Davis
|
0-0: Ground out 3-1 (Groundball, 34)
|
Batting: RHB Ryan Williams
|
0-0: Foul Ball, location: 2F 0-1: Ball 1-1: Foul Ball, location: 2F 1-2: SINGLE (Line Drive, 56D)
|
Batting: LHB César Colón
|
0-0: Ground out 4-3 (Groundball, 34)
|
Bottom of the 4th over - 5 run(s), 6 hit(s), 0 error(s), 1 left on base; South Carolina 6 - Oklahoma State 11 |
TOP OF THE 5TH |
South Carolina Gamecocks batting - Pitching for Oklahoma State Cowboys : RHP Ryan Park
|
Batting: RHB Mike Wagner
|
0-0: Ball 1-0: Ball 2-0: Ball 3-0: Called Strike 3-1: Base on Balls
|
Batting: RHB Sidney Smith
|
0-0: Ball 1-0: Fly out, F9 (Flyball, 9M)
|
Batting: RHB Mason Melton
|
0-0: Ball 1-0: Ball 2-0: Ball 3-0: Called Strike 3-1: Foul Ball, location: 2F 3-2: Foul Ball, location: 2F 3-2: SINGLE (Flyball, 8LS) Mike Wagner to second
|
Batting: RHB José Maldonado
|
0-0: Ball 1-0: Foul Ball, location: 2F 1-1: Called Strike 1-2: Foul Ball, location: 2F 1-2: Ball 2-2: Ball 3-2: Base on Balls Mike Wagner to third Mason Melton to second
|
Batting: LHB Gilberto Ortíz
|
0-0: Fly out, F7 (Line Drive, 78M) Runner from 3rd tags up, SCORES, throw made
|
Batting: LHB Pat Carroll
|
0-0: Ball 1-0: Foul Ball, location: 2F 1-1: SINGLE (Groundball, 4MD) Mason Melton to third José Maldonado to second Runner from 3rd tries for Home, SAFE, no throw or cutoff
|
Batting: LHB Bill Walter
|
0-0: Swinging Strike 0-1: Ball 1-1: Ball 2-1: Called Strike 2-2: Ball 3-2: Foul Ball, location: 2F 3-2: Base on Balls José Maldonado to third Pat Carroll to second
|
Batting: LHB Chandler Pitts
|
0-0: Ball 1-0: Ball 2-0: Ball 3-0: Called Strike 3-1: Swinging Strike 3-2: SINGLE (Line Drive, 4MD) José Maldonado scores Pat Carroll to third Bill Walter to second Pat Carroll scores Bill Walter to third
|
Pitching: RHP Paul Sánchez
|
|
Batting: RHB Fernando Pérez
|
0-0: Ball 1-0: Foul Ball, location: 2F 1-1: Foul Ball, location: 2F 1-2: Ball 2-2: Fly out, F9 (Flyball, 9M)
|
Top of the 5th over - 4 run(s), 3 hit(s), 0 error(s), 2 left on base; South Carolina 10 - Oklahoma State 11 |
BOTTOM OF THE 5TH |
Oklahoma State Cowboys batting - Pitching for South Carolina Gamecocks : RHP Keith Anderson
|
Batting: LHB Bill Bryan
|
0-0: Ball 1-0: Called Strike 1-1: Foul Ball, location: 2F 1-2: Strikes out swinging
|
Batting: RHB Joe Sulley
|
0-0: Called Strike 0-1: Swinging Strike 0-2: Strikes out looking
|
Batting: RHB John Lynch
|
0-0: Ball 1-0: Called Strike 1-1: SINGLE (Groundball, 56D)
|
Batting: LHB Cristián Rodríguez
|
0-0: Foul Ball, location: 2F 0-1: Ball 1-1: Foul Ball, location: 2F 1-2: Hit by Pitch John Lynch to second
|
Batting: RHB Augusto Padilla
|
0-0: 3-RUN HOME RUN (Flyball, 7LD), Distance : 325 ft
|
Pitching: RHP Alex Gómez
|
|
Batting: SHB Ernest Hood
|
0-0: Ball 1-0: SINGLE (Line Drive, 78M)
|
Batting: LHB Bryan Davis
|
0-0: Ball 1-0: Ball 2-0: Called Strike 2-1: Ground out 1-3 (Groundball, 15)
|
Bottom of the 5th over - 3 run(s), 3 hit(s), 0 error(s), 1 left on base; South Carolina 10 - Oklahoma State 14 |
TOP OF THE 6TH |
South Carolina Gamecocks batting - Pitching for Oklahoma State Cowboys : RHP Paul Sánchez
|
Batting: RHB Mike Wagner
|
0-0: Called Strike 0-1: Called Strike 0-2: Ground out 6-3 (Groundball, 6)
|
Batting: RHB Sidney Smith
|
0-0: Foul Ball, location: 2F 0-1: Swinging Strike 0-2: Ball 1-2: SINGLE (Line Drive, 56)
|
Batting: RHB Mason Melton
|
0-0: Ball 1-0: Swinging Strike 1-1: Ball 2-1: Foul Ball, location: 2F 2-2: Foul Ball, location: 2F 2-2: Ball 3-2: 2-RUN HOME RUN (Flyball, 7D), Distance : 365 ft
|
Batting: RHB José Maldonado
|
0-0: Ball 1-0: Called Strike 1-1: Ball 2-1: Called Strike 2-2: Strikes out swinging
|
Batting: LHB Gilberto Ortíz
|
0-0: Called Strike 0-1: Ball 1-1: Fly out, F9 (Flyball, 89M)
|
Top of the 6th over - 2 run(s), 2 hit(s), 0 error(s), 0 left on base; South Carolina 12 - Oklahoma State 14 |
BOTTOM OF THE 6TH |
Oklahoma State Cowboys batting - Pitching for South Carolina Gamecocks : RHP Alex Gómez
|
Batting: RHB Ryan Williams
|
0-0: Ground out 6-3 (Groundball, 6)
|
Batting: LHB César Colón
|
0-0: Foul Ball, location: 2F 0-1: Ball 1-1: Foul Ball, location: 2F 1-2: Ball 2-2: Strikes out swinging
|
Batting: LHB Bill Bryan
|
0-0: Ball 1-0: Ball 2-0: Foul Ball, location: 2F 2-1: Foul Ball, location: 2F 2-2: Ball 3-2: Foul Ball, location: 2F 3-2: Ground out 6-3 (Groundball, 6)
|
Bottom of the 6th over - 0 run(s), 0 hit(s), 0 error(s), 0 left on base; South Carolina 12 - Oklahoma State 14 |
TOP OF THE 7TH |
South Carolina Gamecocks batting - Pitching for Oklahoma State Cowboys : RHP Paul Sánchez
|
Batting: LHB Pat Carroll
|
0-0: Ball 1-0: Foul Ball, location: 2F 1-1: Ball 2-1: Foul Ball, location: 2F 2-2: Strikes out swinging
|
Batting: LHB Bill Walter
|
0-0: Called Strike 0-1: Fly out, F9 (Line Drive, 9LM)
|
Batting: LHB Chandler Pitts
|
0-0: Ball 1-0: Called Strike 1-1: Foul Ball, location: 2F 1-2: SINGLE (Groundball, 3D)
|
Batting: RHB Fernando Pérez
|
0-0: Called Strike 0-1: Fly out, F8 (Flyball, 8LM)
|
Top of the 7th over - 0 run(s), 1 hit(s), 0 error(s), 1 left on base; South Carolina 12 - Oklahoma State 14 |
BOTTOM OF THE 7TH |
Oklahoma State Cowboys batting - Pitching for South Carolina Gamecocks : RHP Alex Gómez
|
Batting: RHB Joe Sulley
|
0-0: Called Strike 0-1: Ball 1-1: Ball 2-1: Fly out, F9 (Flyball, 9M)
|
Batting: RHB John Lynch
|
0-0: Ground out 1-3 (Groundball, 13)
|
Batting: LHB Cristián Rodríguez
|
0-0: Ball 1-0: Foul Ball, location: 2F 1-1: Ball 2-1: Foul Ball, location: 2F 2-2: Strikes out swinging
|
Bottom of the 7th over - 0 run(s), 0 hit(s), 0 error(s), 0 left on base; South Carolina 12 - Oklahoma State 14 |
TOP OF THE 8TH |
South Carolina Gamecocks batting - Pitching for Oklahoma State Cowboys : RHP Ken Burnett
|
Pitching: RHP Ken Burnett
|
|
Now at 1B: Cisco Oliva
|
|
Batting: RHB Mike Wagner
|
0-0: Fly out, F9 (Flyball, 89M)
|
Batting: RHB Sidney Smith
|
0-0: Ball 1-0: Ground out 6-3 (Groundball, 6)
|
Batting: RHB Mason Melton
|
0-0: Foul Ball, location: 2F 0-1: Ball 1-1: Ball 2-1: Called Strike 2-2: Ball 3-2: Strikes out swinging
|
Top of the 8th over - 0 run(s), 0 hit(s), 0 error(s), 0 left on base; South Carolina 12 - Oklahoma State 14 |
BOTTOM OF THE 8TH |
Oklahoma State Cowboys batting - Pitching for South Carolina Gamecocks : RHP Alex Gómez
|
Pitching: LHP José Carlos
|
|
Batting: RHB Augusto Padilla
|
0-0: Foul Ball, location: 2F 0-1: Ground out 4-3 (Groundball, 4M)
|
Batting: SHB Ernest Hood
|
0-0: Foul Ball, location: 2F 0-1: Ball 1-1: Ball 2-1: Ball 3-1: Base on Balls
|
Batting: LHB Bryan Davis
|
0-0: Ball 1-0: Foul Ball, location: 2F 1-1: Ball 2-1: SINGLE (Line Drive, 56D) Ernest Hood to second
|
Batting: RHB Ryan Williams
|
0-0: Called Strike 0-1: Foul Ball, location: 2F 0-2: Grounds into double play, 6-4-3 (Groundball, 6)
|
Bottom of the 8th over - 0 run(s), 1 hit(s), 0 error(s), 1 left on base; South Carolina 12 - Oklahoma State 14 |
TOP OF THE 9TH |
South Carolina Gamecocks batting - Pitching for Oklahoma State Cowboys : RHP Ken Burnett
|
Pitching: RHP Stu Morris
|
|
Batting: RHB José Maldonado
|
0-0: Called Strike 0-1: Swinging Strike 0-2: Ball 1-2: Ball 2-2: Strikes out swinging
|
Batting: LHB Gilberto Ortíz
|
0-0: Ball 1-0: Ball 2-0: Called Strike 2-1: Ball 3-1: Ground out U3 (Groundball, 3L)
|
Batting: LHB Pat Carroll
|
0-0: Foul Ball, location: 2F 0-1: Swinging Strike 0-2: Strikes out looking
|
Top of the 9th over - 0 run(s), 0 hit(s), 0 error(s), 0 left on base; South Carolina 12 - Oklahoma State 14 |
|